 Dungeon Crawl Stone Soup version 0.30-a0-591-g3c58d2bc28 (webtiles) character file.

Game seed: 10702784575997628505

768 porpoise the Firebug (level 7, -8/49 (51) HPs)
             Began as a Gnoll Fire Elementalist on Jan 6, 2023.
             Was an Initiate of Sif Muna.
             Shot with an arrow by a centaur (10 damage)
             ... on level 6 of the Dungeon.
             The game lasted 00:17:18 (5447 turns).

porpoise the Firebug (Gnoll Fire Elementalist)      Turns: 5447, Time: 00:17:18

HP:   -8/49 (51)    AC:  4    Str:  8    XL:     7   Next: 82%
MP:   24/24         EV: 13    Int: 16    God:    Sif Muna [......]
Gold: 179           SH:  0    Dex: 12    Spells: 9/17 levels left

rFire   . . .      SeeInvis .    a - +2 lajatang (speed)
rCold   . . .      Faith    .    (shield currently unavailable)
rNeg    . . .      Spirit   .    p - +0 leather armour
rPois   .          Reflect  .    (no helmet)
rElec   .          Harm     .    m - +0 cloak
rCorr   .          Rampage  .    (no gloves)
Will    .....                    (no boots)
Stlth   +++                      (no amulet)
HPRegen 0.28/turn                w - ring of magical power
MPRegen 0.19/turn                (no ring)

@: lightly drained
A: fangs 1, strong nose, distributed training
a: Renounce Religion


You were on level 6 of the Dungeon.
You worshipped Sif Muna.
Sif Muna was noncommittal.
You visited 2 branches of the dungeon, and saw 7 of its levels.

You collected 266 gold pieces.
You spent 87 gold pieces at shops.

Inventory:

Hand Weapons
 a - a +2 lajatang of speed (weapon)
 b - a +0 dagger of venom
 q - a +0 trident
Missiles
 h - 19 poisoned darts
 j - 17 boomerangs
 o - 5 atropa-tipped darts
 r - 5 curare-tipped darts
Armour
 m - a +0 cloak (worn)
 p - a +0 leather armour (worn)
Magical Staves
 n - a staff of air
Jewellery
 s - an amulet of faith
 w - a ring of magical power (left hand)
 A - a ring of flight
Wands
 y - a wand of roots (6)
Scrolls
 e - 3 scrolls of teleportation
 l - a scroll of fog
 z - a scroll of brand weapon {unknown}
 B - a scroll of fear {unknown}
 C - a scroll of magic mapping {unknown}
Potions
 c - a potion of haste {unknown}
 d - 2 potions of resistance
 f - a potion of attraction {unknown}
 g - 4 potions of brilliance
 i - a potion of degeneration {unknown}
 k - a potion of invisibility {unknown}
 t - a potion of magic
 u - 2 potions of might
 v - a potion of flight {unknown}
 x - a potion of mutation {unknown}


   Skills:
 + Level 2.8 Fighting
 + Level 2.8 Short Blades
 + Level 2.8 Long Blades
 + Level 2.8 Axes
 + Level 2.8 Maces & Flails
 + Level 2.8 Polearms
 + Level 2.8 Staves
 + Level 2.8 Ranged Weapons
 + Level 2.8 Throwing
 + Level 2.8 Armour
 + Level 5.4 Dodging
 + Level 5.1 Stealth
 + Level 2.8 Shields
 + Level 2.8 Unarmed Combat
 + Level 5.8 Spellcasting
 + Level 3.2 Conjurations
 + Level 2.3 Hexes
 + Level 2.3 Summonings
 + Level 2.3 Necromancy
 + Level 2.3 Translocations
 + Level 2.3 Transmutations
 + Level 6.0 Fire Magic
 + Level 2.3 Ice Magic
 + Level 2.3 Air Magic
 + Level 2.3 Earth Magic
 + Level 2.3 Poison Magic
 + Level 3.1 Invocations
 + Level 2.8 Evocations


You had 9 spell levels left.
You knew the following spells:

 Your Spells              Type           Power      Damage    Failure   Level
a - Foxfire               Conj/Fire      76%        2x1d7     3%          1
b - Scorch                Fire           46%        2d7       2%          2
c - Kindle Blastsparks    Fire/Tloc/Air  32%        2d12      14%         3
w - Wereblood             Tmut           12%        N/A       12%         2

Your spell library contained the following spells:

 Spells                   Type           Power      Damage    Failure   Level
 Magic Dart               Conj           56%        1d5       5%          1
 Inner Flame              Hex/Fire       17%        N/A       11%         3
 Call Imp                 Summ           12%        N/A       12%         2
 Sublimation of Blood     Necr           12%        N/A       12%         2
 Mephitic Cloud           Conj/Pois/Air  13%        N/A       21%         3
 Flame Wave               Conj/Fire      19%        2d7       30%         4
 Summon Hydra             Summ           6%         N/A       100%        7


Dungeon Overview and Level Annotations

Branches:
Dungeon (6/15)             Temple (1/1) D:5

Altars:
Ashenzari
Gozag
Ru
Sif Muna
Trog
Uskayaw
Wu Jian
Xom
Yredelemnul
The Shining One

Shops:
D:2 [   D:3 *

Annotations:
D:3 2 runed translucent doors, GiantSquids's ghost, amateur OpTm


Innate Abilities, Weirdness & Mutations

You have very sharp teeth.
Your uncanny sense of smell can sniff out nearby items.
Your experience applies equally to all skills.


Message History

Sif Muna accepts your kill.
The grasping roots constrict the orc priest.
The grasping roots constrict the orc. x2
You kill the orc!
Sif Muna accepts your kill.
The grasping roots constrict the centaur!
The roots release their grip on the orc.
Something hits you but does no damage. The orc priest misses you.
The iguana bites you.
* * * LOW HITPOINT WARNING * * *
The centaur hits you.
* * * LOW HITPOINT WARNING * * *
The centaur kicks you.
* * * LOW HITPOINT WARNING * * *
Unknown command.
The grasping roots constrict the orc priest!
You kill the orc priest!
Sif Muna accepts your kill.
The grasping roots constrict the centaur.
The roots release their grip on the centaur.
The centaur wields a +1 shortbow of draining.
You sense an unholy aura.
The centaur shoots an arrow.
Reactivating autopickup.
You feel a bit more experienced.
Your life force feels restored.
Your Fire Magic skill increases to level 6!
The centaur shoots an arrow.
The arrow closely misses you.
The iguana hisses menacingly.
The centaur shoots an arrow.
The arrow hits you.
* * * LOW HITPOINT WARNING * * *
You feel drained.
* * * LOW HITPOINT WARNING * * *
The centaur shoots an arrow.
The arrow hits you.
* * * LOW HITPOINT WARNING * * *
You feel drained.
You slash the iguana!
You kill the iguana!
Sif Muna accepts your kill.
The centaur shoots an arrow.
The arrow hits you!
You die...

.....................
.....................
.....................
.?.<..)).............
......?............?.
.....)r)c............
...!.#..5............
#.## ###o..o......... #
#..†@......... ##
#.......######..#
#.......###......
#.......##...#
.............#
##.......##.######.##.#
..#..#..##.## #.......
...##........# #.......
...##.....# #.......


You could see a centaur, a river rat, a shadow imp and 2 orcs.

Vanquished Creatures
  A centaur (D:6)
  2 necrophages (D:6)
  A hound (D:6)
  4 orc priests
  Natasha (twice) (D:2)
  3 iguanas
  3 orc wizards
  Ijyb (D:4)
  9 adders
  2 worms (D:4)
  A dart slug (D:2)
  18 orcs
  8 endoplasms
  A giant cockroach (D:2)
  5 goblins (D:1)
  9 hobgoblins
  5 jackals
  7 kobolds
  4 quokkas
  10 ball pythons
  2 bats (D:2)
  2 frilled lizards
  22 rats
122 creatures vanquished.

Vanquished Creatures (others)
  An orc wizard (D:6)
  195 foxfires
  35 plants (D:4)
231 creatures vanquished.

Grand Total: 353 creatures vanquished

Notes
Turn   | Place    | Note
-------+----------+-------------------------------------------
     0 | D:1      | porpoise the Gnoll Fire Elementalist began the quest for
                  | the Orb.
     0 | D:1      | Reached XP level 1. HP: 13/13 MP: 6/6
   272 | D:1      | Reached XP level 2. HP: 17/19 MP: 2/7
  1036 | D:2      | Found Lacampuo's Antique Armour Shop.
  1042 | D:2      | Reached skill level 5 in Spellcasting
  1042 | D:2      | Reached XP level 3. HP: 25/25 MP: 4/9
  1044 | D:2      | Reached skill level 1 in Invocations
  1289 | D:2      | Learned a level 2 spell: Scorch
  1313 | D:2      | Reached skill level 1 in Fighting
  1313 | D:2      | Reached skill level 1 in Short Blades
  1313 | D:2      | Reached skill level 1 in Long Blades
  1313 | D:2      | Reached skill level 1 in Axes
  1313 | D:2      | Reached skill level 1 in Maces & Flails
  1313 | D:2      | Reached skill level 1 in Polearms
  1313 | D:2      | Reached skill level 1 in Staves
  1313 | D:2      | Reached skill level 1 in Ranged Weapons
  1313 | D:2      | Reached skill level 1 in Throwing
  1313 | D:2      | Reached skill level 1 in Armour
  1313 | D:2      | Reached skill level 1 in Shields
  1313 | D:2      | Reached skill level 1 in Unarmed Combat
  1313 | D:2      | Reached skill level 1 in Evocations
  1457 | D:2      | Noticed Natasha
  1463 | D:2      | Killed Natasha
  1464 | D:2      | Reached skill level 1 in Hexes
  1464 | D:2      | Reached skill level 1 in Summonings
  1464 | D:2      | Reached skill level 1 in Necromancy
  1464 | D:2      | Reached skill level 1 in Translocations
  1464 | D:2      | Reached skill level 1 in Transmutations
  1464 | D:2      | Reached skill level 1 in Ice Magic
  1464 | D:2      | Reached skill level 1 in Air Magic
  1464 | D:2      | Reached skill level 1 in Earth Magic
  1464 | D:2      | Reached skill level 1 in Poison Magic
  1464 | D:2      | Reached XP level 4. HP: 32/32 MP: 7/11
  1938 | D:2      | Noticed Natasha
  1949 | D:2      | Killed Natasha
  2031 | D:2      | Reached XP level 5. HP: 37/37 MP: 12/12
  2753 | D:3      | Found a runed translucent door.
  2799 | D:3      | Noticed GiantSquids's ghost (amateur OpTm)
  2828 | D:3      | Found Seka's Assorted Antiques.
  2836 | D:3      | Bought 2 fizzy purple potions for 41 gold pieces
  2836 | D:3      | Bought a scroll labelled SUMUULE EHUCY for 23 gold pieces
  2836 | D:3      | Bought a scroll labelled RUMPUNW MUSMI for 23 gold pieces
  2923 | D:3      | Found a runed translucent door.
  3060 | D:4      | Reached XP level 6. HP: 28/44 MP: 13/13
  3151 | D:4      | Reached skill level 5 in Dodging
  3318 | D:4      | Learned a level 3 spell: Kindle Blastsparks
  3321 | D:4      | Learned a level 2 spell: Wereblood
  3524 | D:4      | Found a hide-covered altar of Uskayaw.
  3527 | D:4      | Found a bloodstained altar of Trog.
  3535 | D:4      | Found a shimmering blue altar of Sif Muna.
  3538 | D:4      | Found a basalt altar of Yredelemnul.
  3544 | D:4      | Became a worshipper of Sif Muna the Loreminder
  3561 | D:4      | Found an ornate altar of the Wu Jian Council.
  3695 | D:4      | Found a shimmering altar of Xom.
  4029 | D:4      | Noticed Ijyb
  4036 | D:4      | Killed Ijyb
  4464 | D:5      | Entered Level 5 of the Dungeon
  4468 | D:5      | Found a staircase to the Ecumenical Temple.
  4479 | Temple   | Entered the Ecumenical Temple
  4487 | D:5      | Found a broken altar of Ashenzari.
  4530 | D:5      | Reached XP level 7. HP: 40/51 MP: 11/15
  4786 | D:5      | Identified the +0 rapier "Ilihura" {heavy, rN+ Int+4 Dex+3
                  | SInv}
  4970 | D:6      | Acquired a +2 lajatang of speed
  5217 | D:6      | Reached skill level 5 in Stealth
  5444 | D:6      | Reached skill level 6 in Fire Magic
  5446 | D:6      | HP: 2/50 [centaur/arrow (3)]
  5447 | D:6      | Shot with an arrow by a centaur

Illustrated notes

Levels and vault maps discovered:
D:1:      nicolae_arrival_washed_ashore, layout_basic
D:2:      layout_basic, serial_shops, shop, grunt_ministairs_6, minmay_rat_hole,
          uniq_natasha
D:3:      layout_loops_ring, ebering_ghost_sewer_f, serial_shops, shop
D:4:      layout_loops_corners, mainiacjoe_overflow_catch_the_wave,
          grunt_temple_overflow_cloverleaf, minmay_stone_trees_medium, uniq_ijyb
D:5:      layout_basic, amcnicky_altar_gilded, temple_pool_b
D:6:      layout_rooms, portal_sewer_entry_a, gammafunk_ghost_icy
Temple:   compressed_dpeg_circular_temple

Skill      XL: |  1  2  3  4  5  6  7 |
---------------+----------------------+-----
Conjurations   | 2 3 |  3.2
Spellcasting   | 5 |  5.8
Invocations    | 1 2 3 |  3.1
Fighting       | 1 2 |  2.8
Short Blades   | 1 2 |  2.8
Long Blades    | 1 2 |  2.8
Axes           | 1 2 |  2.8
Maces & Flails | 1 2 |  2.8
Polearms       | 1 2 |  2.8
Staves         | 1 2 |  2.8
Ranged Weapons | 1 2 |  2.8
Throwing       | 1 2 |  2.8
Armour         | 1 2 |  2.8
Shields        | 1 2 |  2.8
Unarmed Combat | 1 2 |  2.8
Evocations     | 1 2 |  2.8
Hexes          | 1 2 |  2.3
Summonings     | 1 2 |  2.3
Necromancy     | 1 2 |  2.3
Translocations | 1 2 |  2.3
Transmutations | 1 2 |  2.3
Ice Magic      | 1 2 |  2.3
Air Magic      | 1 2 |  2.3
Earth Magic    | 1 2 |  2.3
Poison Magic   | 1 2 |  2.3
Dodging        | 5 |  5.4
Stealth        | 5 |  5.1
Fire Magic     | 6 |  6.0

Action                   |  1- 3 |  4- 6 |  7- 9 || total
-------------------------+-------+-------+-------++-------
Melee: Trident           |    22 |    52 |       ||    74
       Bite              |     3 |     6 |     9 ||    18
       Dagger            |       |    45 |    16 ||    61
       Punch             |       |     2 |       ||     2
       Lajatang          |       |       |    31 ||    31
 Cast: Foxfire           |    49 |    67 |     6 ||   122
       Scorch            |       |    19 |     2 ||    21
Evoke: Wand              |       |       |     1 ||     1
  Use: Scroll            |       |     4 |     3 ||     7
 Stab: Sleeping          |     3 |     4 |     1 ||     8
Armor: Robe              |     4 |    13 |       ||    17
       Leather armour    |       |    13 |    10 ||    23
Dodge: Dodged            |    17 |    63 |    36 ||   116

Table legend: (Time is in decaauts)
 A = Elapsed time spent in this place.
 B = Non-inter-level travel time spent in this place.
 C = Inter-level travel time spent in this place.
 D = Time resting spent in this place.
 E = Time spent auto-exploring this place.
 F = Levels seen in this place.
 G = Mean time per level.
                   A        B        C        D        E       F      G
               +--------+--------+--------+--------+--------+-----+--------+
         Total |   5452 |   5265 |    187 |   1591 |   2858 |   7 |  778.9 |
       Dungeon |   5450 |   5264 |    186 |   1591 |   2858 |   6 |  908.3 |
        Temple |      1 |      0 |      1 |      0 |      0 |   1 |    1.0 |
               +--------+--------+--------+--------+--------+-----+--------+

Top non-repeatable levels by time:
     D:4: 1409 daAuts
     D:2: 1115 daAuts
     D:1: 1041 daAuts
     D:3: 910 daAuts
     D:5: 498 daAuts
     D:6: 475 daAuts
  Temple: 1 daAuts
